 Dungeon Crawl Stone Soup version 0.24.0-1-gfbc8707122 (webtiles) character file.

Game seed: 4085437032625371692, levelgen mode: deterministic

110 Descartes the Skirmisher (level 5, 0/43 HPs)
             Began as a Formicid Abyssal Knight on Oct 26, 2019.
             Was a Believer of Lugonu.
             Succumbed to a worker ant's poison
             ... on level 2 of the Dungeon.
             The game lasted 00:06:48 (2217 turns).

Descartes the Skirmisher (Formicid Abyssal Knight)  Turns: 2217, Time: 00:06:48

Health: 0/43       AC:  7    Str: 18    XL:     5   Next: 14%
Magic:  7/7        EV:  9    Int: 11    God:    Lugonu [**....]
Gold:   99         SH:  0    Dex: 10    Spells: 4/4 levels left

rFire    . . .     SeeInvis +   a - +1 hand axe
rCold    . . .     Gourm    .   (no shield)
rNeg     . . .     Faith    .   n - +0 scale mail
rPois    .         Spirit   .   (helmet unavailable)
rElec    .         Reflect  .   g - +0 cloak
rCorr    +         Harm     .   (no gloves)
MR       .....                  (no boots)
Stlth    ..........             (no amulet)
HPRegen  0.14/turn              j - ring of resist corrosion
MPRegen  0.10/turn              (no ring)

@: lethally poisoned (0 -> -6), drained
A: permanent stasis, dig shafts and tunnels, four strong arms, antennae 3
a: Dig, Shaft Self, Depart the Abyss, Bend Space, Renounce Religion


You were on level 2 of the Dungeon.
You worshipped Lugonu.
Lugonu was pleased with you.
You were hungry.

You visited 1 branch of the dungeon, and saw 2 of its levels.
You visited the Abyss 1 time.

You collected 99 gold pieces.

Inventory:

Hand Weapons
 a - a +1 hand axe (weapon)
 b - a +0 hunting sling
Missiles
 f - 59 stones (quivered)
 h - 7 atropa-tipped darts
 l - 42 arrows
 p - 13 sling bullets
 q - 31 bolts
 v - 15 poisoned darts
Armour
 d - a +0 ring mail
 g - a +0 cloak (worn)
 n - a +0 scale mail (worn)
Jewellery
 j - a ring of resist corrosion (left hand)
Scrolls
 t - a scroll of immolation {unknown}
 u - a scroll of magic mapping {unknown}
Potions
 e - a potion of haste {unknown}
 i - a potion of curing
 k - a potion of lignification {unknown}
 m - a potion of berserk rage {unknown}
 o - a potion of agility {unknown}
 s - a potion of brilliance {unknown}
Comestibles
 c - 3 rations


   Skills:
 + Level 4.3(3.7) Fighting
 + Level 3.1(2.5) Axes
 - Level 2.2(1.7) Armour
 - Level 1.0(0.4) Dodging
 + Level 3.7(3.1) Invocations


You had 4 spell levels left.
You didn't know any spells.
Your spell library was empty.

Dungeon Overview and Level Annotations

Branches:
Dungeon (2/15)

Altars:
Okawaru


Innate Abilities, Weirdness & Mutations

You cannot be hasted, slowed, berserked, paralysed or teleported.
You can dig through walls and to a lower floor.
Your four strong arms can wield two-handed weapons with a shield.
You have a pair of large antennae on your head. (SInv)


Message History

You kill the hound!
Lugonu accepts your kill.
Your base Axes skill increases to level 3!
You have reached level 5!
The worker ant closely misses you. The worker ant bites you.
* * * LOW HITPOINT WARNING * * *
You see here a kobold corpse.
You are feeling hungry.
The worker ant bites you but does no damage.
The worker ant barely misses you. The worker ant bites you.
* * * LOW HITPOINT WARNING * * *
The worker ant bites you.
* * * LOW HITPOINT WARNING * * *
You are lethally poisoned!
The worker ant poisons you!
* * * LOW HITPOINT WARNING * * *
You feel sick.
You die...

#.####.#.......####.#
#...................
######.#............
#.#.......##### ###
#..#.#g#.## #..
....#...##.# #.#
###.###a#.## #.#
##...#.##
#.##############@#
#.#...........##.# #.
.#..#########.##.# #.##
###.# #.##.# #.## .#..#
#.##.# #####^## #.#.#
##.##.# #.....## #.#.#
####...#.# ##.###.##
#.#.# #....#...#
##...##.## #.#.#
#.##...#########.#.#.#...


You could see a worker ant and a goblin.

Vanquished Creatures
  A hound (D:2)
  3 adders
  A worm (D:2)
  2 dart slugs (D:1)
  3 leopard geckos
  2 ball pythons (D:2)
  6 bats
  7 hobgoblins
  2 jackals (D:2)
  3 frilled lizards (D:1)
  A goblin (D:1)
  5 kobolds
  11 rats
47 creatures vanquished.

Notes
Turn   | Place    | Note
-------+----------+-------------------------------------------
     0 | Abyss:1  | Descartes the Formicid Abyssal Knight began the quest for
                  | the Orb.
     0 | Abyss:1  | Reached XP level 1. HP: 18/18 MP: 2/2
   124 | D:1      | Escaped the Abyss
   253 | D:1      | Reached skill level 1 in Dodging
   371 | D:1      | Reached XP level 2. HP: 24/24 MP: 3/3
   682 | D:1      | Reached ** piety under Lugonu
   704 | D:1      | Reached XP level 3. HP: 20/30 MP: 5/5
  1580 | D:2      | Found an iron altar of Okawaru.
  1611 | D:1      | Reached XP level 4. HP: 6/37 MP: 6/6
  1827 | D:2      | Reached skill level 4 in Fighting
  2186 | D:2      | Reached XP level 5. HP: 7/43 MP: 7/7
  2209 | D:2      | HP: 2/43 [worker ant (3)]
  2215 | D:2      | HP: 2/43 [worker ant (1)]
  2217 | D:2      | Succumbed to a worker ant's poison

Levels and vault maps discovered:
D:1:      evilmike_arrival_rings, layout_basic, minivault_26,
          minmay_pentomino_p4
D:2:      layout_loops_ring, okawaru_metal_pillars_1_2

Skill      XL: |  1  2  3  4 |
---------------+-------------+-----
Dodging        | 1 |  1.0
Invocations    | 3 |  3.7
Fighting       | 4 |  4.3
Axes           | 3 |  3.1
Armour         | |  2.2

Action                   |  1- 3 |  4- 6 || total
-------------------------+-------+-------++-------
Melee: Hand axe          |   116 |    64 ||   180
 Abil: Dig               |     2 |       ||     2
  Use: Scroll            |     1 |       ||     1
       Potion            |       |     2 ||     2
  Eat: Chunk             |     2 |     2 ||     4
Armor: Ring mail         |    47 |       ||    47
       Scale mail        |    24 |    40 ||    64
Dodge: Dodged            |    93 |    40 ||   133
